 Dungeon Crawl Stone Soup version 0.25-a0-547-g27a0b5d1ef (webtiles) character file.

Game seed: 13403230380392632828, levelgen mode: deterministic

256 BeastOfSaturn the Gusty (level 5, -6/39 HPs)
             Began as a Draconian Air Elementalist on Feb 22, 2020.
             Blown up by Ijyb (19 damage)
             ... with a disintegration bolt
             ... on level 3 of the Dungeon.
             The game lasted 00:16:50 (3799 turns).

BeastOfSaturn the Gusty (DrAE)                      Turns: 3799, Time: 00:16:51

Health: -6/39      AC:  7    Str: 11    XL:     5   Next: 92%
Magic:  0/9        EV: 12    Int: 16    God:
Gold:   138        SH:  0    Dex: 11    Spells: 6/10 levels left

rFire    . . .     SeeInvis .   a - +0 war axe
rCold    . . .     Gourm    .   (no shield)
rNeg     . . .     Faith    .   (armour unavailable)
rPois    .         Spirit   .   (helmet restricted)
rElec    .         Reflect  .   (no cloak)
rCorr    .         Harm     .   n - +1 pair of gloves
MR       .....                  (no boots)
Stlth    ++........             r - amulet of the acrobat
HPRegen  0.13/turn              (no ring)
MPRegen  0.11/turn              (no ring)

@: very slightly contaminated
A: unfitting armour, cold-blooded, AC +5
a: no special abilities


You were on level 3 of the Dungeon.
You were not hungry.

You visited 1 branch of the dungeon, and saw 4 of its levels.

You collected 138 gold pieces.

Inventory:

Hand Weapons
 a - a +0 war axe (weapon)
 b - a +0 hunting sling
Missiles
 g - 12 poisoned darts
 s - 53 stones (quivered)
Armour
 n - a +1 pair of gloves (worn)
Jewellery
 r - an amulet of the acrobat (around neck)
Scrolls
 f - 2 scrolls of enchant weapon {unknown}
 h - a scroll of identify
 k - a scroll of random uselessness {unknown}
 m - 2 scrolls of remove curse {unknown}
 p - a scroll of teleportation {unknown}
 q - 2 scrolls of enchant armour {unknown}
 t - a scroll of immolation {unknown}
 u - 2 scrolls of amnesia {unknown}
Potions
 i - a potion of brilliance
 o - a potion of resistance {unknown}
 v - a potion of stabbing {unknown}
 w - a potion of curing {unknown}
Comestibles
 c - 3 chunks of flesh
 j - 5 rations


   Skills:
 + Level 0.9 Fighting
   Level 0.1 Short Blades
 + Level 1.5 Axes
   Level 0.1(0.9) Polearms
 + Level 2.5 Dodging
 - Level 1.7 Stealth
 - Level 3.0 Spellcasting
 - Level 2.0 Conjurations
 * Level 4.9 Air Magic


You had 6 spell levels left.
You knew the following spells:

 Your Spells              Type           Power        Failure   Level  Hunger
a - Shock                 Conj/Air       ##..         4%          1    #......
b - Static Discharge      Conj/Air       ##......     13%         3    ###....

Your spell library contained the following spells:

 Spells                   Type           Power        Failure   Level  Hunger
 Swiftness                Chrm/Air       ##......     11%         2    ##.....
 Airstrike                Air            ###.......   24%         4    #####..
 Lightning Bolt           Conj/Air       ##........   77%         5    ######.


Dungeon Overview and Level Annotations

Branches:
Dungeon (4/15)
 Temple: D:4-7

Altars:

Annotations:
D:3 Ijyb


Innate Abilities, Weirdness & Mutations

Your plain brown scales are hard. (AC +5)
You cannot fit into any form of body armour.
You are cold-blooded and may be slowed by cold attacks.


Message History

Aiming: Shock (safe; 4% risk of failure)
Press: ? - help, Shift-Dir - straight line The zap hits Ijyb.
Ijyb is severely wounded.
The zap hits Ijyb.
Ijyb is severely wounded.
Ijyb misses you.
Casting: Shock (safe; 4% risk of failure)
Confirm with . or Enter, or press ? or * to list all spells.
Aiming: Shock (safe; 4% risk of failure)
Press: ? - help, Shift-Dir - straight line The zap hits Ijyb.
Ijyb is almost dead.
The zap hits Ijyb.
Ijyb is almost dead.
Ijyb barely misses you.
You closely miss Ijyb.
Ijyb is almost dead.
Ijyb zaps a wand.
You are blasted!
You die...

##..#.##.....#.#.#............###
......##.........................
....####...................#.##..
.....# ##..#####......##......###
.....# ##.#####.####......#.....
.....# #.....#.####..###....#..
.....# #####.......##..##.......
.....# ##...........##...........
....####..###..g@...##.........##
...##....## #.>.....##.........#
#.....#### #..................#
..##### ##########......÷..## .##
#.........#. .# ###...####..
################ ####.......#
...............#######.÷.....####
##############.........#....)#


You could see Ijyb.

Vanquished Creatures
  A phantom (D:3)
  A howler monkey (D:3)
  A gnoll (D:1)
  5 adders
  2 worms (D:3)
  A dart slug (D:1)
  A leopard gecko (D:1)
  2 orcs (D:3)
  2 giant cockroaches
  10 goblins
  6 hobgoblins
  5 jackals
  6 kobolds
  A quokka (D:2)
  A ball python (D:3)
  10 bats
  4 frilled lizards (D:1)
  6 rats
65 creatures vanquished.

Notes
Turn   | Place    | Note
-------+----------+-------------------------------------------
     0 | D:1      | BeastOfSaturn the Draconian Air Elementalist began the
                  | quest for the Orb.
     0 | D:1      | Reached XP level 1. HP: 14/14 MP: 3/3
   366 | D:1      | Reached XP level 2. HP: 20/20 MP: 1/5
   842 | D:1      | Reached XP level 3. HP: 26/26 MP: 3/6
   861 | D:1      | Learned a level 3 spell: Static Discharge
  1587 | D:2      | Reached skill level 4 in Air Magic
  1885 | D:2      | Reached XP level 4. HP: 33/33 MP: 0/8
  2999 | D:4      | Noticed a phantom
  3060 | D:3      | Killed a phantom
  3060 | D:3      | Reached skill level 1 in Axes
  3060 | D:3      | Reached XP level 5. HP: 12/39 MP: 6/9
  3608 | D:4      | Noticed Ijyb
  3799 | D:3      | Blown up by Ijyb

Levels and vault maps discovered:
D:1:      dpeg_arrival_solitude, layout_basic
D:2:      layout_basic, minmay_circle_x
D:3:      layout_rooms, serial_glass, glass_columns_b, glass_columns_b,
          serial_bayou_pond_d
D:4:      layout_basic, serial_shops, shop, first_ration, uniq_ijyb

Skill      XL: |  1  2  3  4 |
---------------+-------------+-----
Air Magic      | 4 |  4.9
Dodging        | 2 |  2.5
Axes           | 1 |  1.5
Spellcasting   | 3 |  3.0
Conjurations   | 2 |  2.0
Fighting       | |  0.9
Short Blades   | |  0.1
Polearms       | |  0.1
Stealth        | |  1.7

Action                   |  1- 3 |  4- 6 || total
-------------------------+-------+-------++-------
Melee: Short sword       |     7 |       ||     7
       Tailslap          |     3 |     7 ||    10
       Spear             |    15 |       ||    15
       Hand axe          |    14 |    60 ||    74
       War axe           |       |     7 ||     7
Throw: Dart              |     3 |       ||     3
 Cast: Shock             |    42 |    63 ||   105
  Use: Scroll            |       |     3 ||     3
       Potion            |       |     1 ||     1
  Eat: Chunk             |     3 |     4 ||     7
       Ration            |       |     1 ||     1
Armor: Skin              |    13 |    43 ||    56
Dodge: Dodged            |    47 |    77 ||   124

Table legend:
 A = Non-vault XP
 B = Vault XP
 C = Vault XP percentage of total XP
 D = Non-vault monster count
 E = Vault monster count
 F = Vault count percentage of total count
                 A         B        C        D         E       F
            +---------+---------+-------+---------+---------+-------
      Total |     336 |      31 |   8.4 |      61 |       4 |   6.2
            +---------+---------+-------+---------+---------+-------
        D:1 |      55 |       0 |   0.0 |      25 |       0 |   0.0
        D:2 |      46 |      31 |  40.3 |      12 |       4 |  25.0
        D:3 |     233 |       0 |   0.0 |      23 |       0 |   0.0
        D:4 |       2 |       0 |   0.0 |       1 |       0 |   0.0
            +---------+---------+-------+---------+---------+-------
